 Dungeon Crawl Stone Soup version 0.30-a0-989-g0d87f670db (webtiles) character file.

Game seed: 10767939044393791003

178018 cforsyth the Warrior (level 18, -9/156 (164) HPs)
             Began as a Formicid Fighter on Apr 2, 2023.
             Was a Priest of Ru.
             Mangled by a naga
             ... wielding a +3 heavy dire flail
              (17 damage)
             ... on level 4 of the Snake Pit.
             The game lasted 00:55:34 (27669 turns).

cforsyth the Warrior (Formicid Fighter)            Turns: 27669, Time: 00:55:35

HP:   -9/156 (164)  AC: 39    Str: 34    XL:     18   Next: 86%
MP:   0/18          EV:  8    Int:  9    God:    Ru [***...]
Gold: 3257          SH: 15    Dex: 16    Spells: 17/17 levels left

rFire   . . .      SeeInvis +    f - +2 morningstar (drain)
rCold   . . .      Faith    .    V - +0 kite shield
rNeg    . . .      Spirit   .    l - +9 plate armour of the Eight Boll Weevils {Dex+3}
rPois   +          Reflect  .    (helmet unavailable)
rElec   .          Rampage  .    F - +2 cloak {rPois}
rCorr   .                        B - +0 pair of gloves
Will    +....                    Z - +2 pair of boots {Fly}
Stlth   x                          - amulet of regeneration
HPRegen 1.26/turn                J - +4 ring of protection
MPRegen 0.16/turn                s - +6 ring of strength

@: exhausted, flying, lightly drained
A: permanent stasis, dig shafts and tunnels, antennae 3, no stealth, hated by
all, no hexes magic, no ice magic, no translocations magic, four strong arms
a: Dig, Shaft Self, Renounce Religion, Draw Out Power


You were on level 4 of the Snake Pit.
You worshipped Ru.
Ru was most pleased with you.
You visited 5 branches of the dungeon, and saw 27 of its levels.
You also visited: Bailey and Ice Cave.

You collected 3414 gold pieces.
You spent 157 gold pieces at shops.

Inventory:

Hand Weapons
 a - a +0 flail of freezing
 f - a +2 morningstar of draining (weapon)
 o - a +3 dire flail
 w - the +5 morningstar of the Cursing Ancients {heavy, *Corrode +Blink Dex+5 Stlth+}
   (You found it on level 12 of the Dungeon)

   Dex:       It affects your dexterity (+5).
   +Blink:    It lets you blink.
   *Corrode:  It may corrode you when you take damage.
   Stlth:     It makes you more stealthy.
 H - a +2 mace of freezing
Armour
 l - the +9 plate armour of the Eight Boll Weevils (worn) {Dex+3}
   (You acquired it on level 12 of the Dungeon)

   Dex:       It affects your dexterity (+3).
 B - a +0 pair of gloves (worn)
 F - a +2 cloak of poison resistance (worn)
 M - a +0 cloak of cold resistance
 N - the +2 pair of slick slippers {slick, slippery, EV+4}
   (You found it in an ice cave)

   Slick:     Its wearer cannot be constricted, engulfed, netted or webbed.
   Slippery:  It slips away from damaging melee attacks, pulling the attacker
   onward.
   EV:        It affects your evasion (+4).
 V - a +0 kite shield (worn)
 Z - a +2 pair of boots of flying (worn)
Jewellery
 c - a ring of protection from cold
 s - a +6 ring of strength (right hand)
 x - an amulet of regeneration (around neck)
 D - a ring of fire
 J - a +4 ring of protection (left hand)
 K - a ring of ice
 P - a ring of positive energy
Wands
 e - a wand of flame (14)
 i - a wand of charming (19)
 n - a wand of mindburst (14)
 q - a wand of digging (8)
 y - a wand of roots (18)
 R - a wand of acid (8)
 U - a wand of polymorph (12)
Scrolls
 j - 3 scrolls of fear
 k - 5 scrolls of enchant weapon
 r - a scroll of brand weapon
 t - 2 scrolls of amnesia
 v - 7 scrolls of enchant armour
 G - 7 scrolls of identify
 L - 4 scrolls of fog
 Q - 4 scrolls of vulnerability
 S - 4 scrolls of silence
 T - 5 scrolls of magic mapping
 W - 5 scrolls of poison
Potions
 b - a potion of lignification
 d - 3 potions of might
 g - 6 potions of magic
 h - 12 potions of curing
 m - 3 potions of resistance
 p - 3 potions of flight
 u - 8 potions of attraction
 z - 3 potions of brilliance
 A - 2 potions of ambrosia
 C - 4 potions of heal wounds
 E - 6 potions of mutation
 I - 2 potions of invisibility
Miscellaneous
 O - a phial of floods


   Skills:
 + Level 20.6 Fighting
 + Level 16.7 Maces & Flails
 + Level 16.0 Armour
 + Level 18.8 Shields


You had 17 spell levels left.
You didn't know any spells.
Your spell library contained the following spells:

 Spells                   Type           Power      Damage    Failure   Level
 Beastly Appendage        Tmut           0%         N/A       93%         1
 Magic Dart               Conj           0%         1d3       93%         1
 Searing Ray              Conj           0%         2d4       98%         2
 Wereblood                Tmut           0%         N/A       98%         2
 Ignite Poison            Fire/Tmut/Pois 0%         N/A       100%        3
 Mephitic Cloud           Conj/Pois/Air  0%         N/A       100%        3
 Spider Form              Tmut/Pois      0%         N/A       100%        3
 Blade Hands              Tmut           0%         N/A       100%        5
 Eringya's Noxious Bog    Tmut/Pois      0%         N/A       100%        6
 Iron Shot                Conj/Erth      0%         9d1       100%        6
 Dragon Form              Tmut           0%         N/A       100%        7
 Call Imp                 Summ           Unusable   N/A       N/A         2
 Kindle Blastsparks       Fire/Tloc/Air  Unusable   2d10      N/A         3
 Animate Armour           Summ/Erth      Unusable   N/A       N/A         4
 Cause Fear               Hex            Unusable   N/A       N/A         4
 Fulminant Prism          Conj/Hex       Unusable   3d5       N/A         4
 Freezing Cloud           Conj/Ice/Air   Unusable   6-21      N/A         5
 Summon Forest            Summ/Tloc      Unusable   N/A       N/A         5
 Summon Hydra             Summ           Unusable   N/A       N/A         7
 Dragon's Call            Summ           Unusable   N/A       N/A         9

Dungeon Overview and Level Annotations

Branches:
Dungeon (15/15)            Temple (1/1) D:5            Lair (5/5) D:11
  Swamp (0/4) Lair:2        Snake (4/4) Lair:2        Slime (0/5) Lair:5
    Orc (2/2) D:12            Elf (0/3) Orc:2        Vaults (0/5) D:13
 Depths (0/4) D:15         Bailey (visited)           IceCv (visited)

Altars:
Ashenzari
Cheibriados
Dithmenos
Elyvilon
Gozag
Kikubaaqudgha
Makhleb
Nemelex Xobeh
Okawaru
Qazlal
Ru
Sif Muna
Trog
Uskayaw
Vehumet
Wu Jian
Xom
Zin
The Shining One

Shops:
D:2 [   D:11 *   D:12 *   D:13 *   Orc:1 *   Orc:2 [=(*

Portals:
Trove: D:15 (give 4 potions of resistance)

Annotations:
D:11 2 transporters


Innate Abilities, Weirdness & Mutations

You cannot be hasted, slowed, berserked, paralysed or teleported.
You can dig through walls and to a lower floor.
You have a pair of large antennae on your head. (SInv)
You cannot be stealthy.
You are hated by all.
You cannot study or cast Hexes magic.
You cannot study or cast Ice magic.
You cannot study or cast Translocations magic.
Your four strong arms can wield two-handed weapons with a shield.


Message History

You block the black mamba's attack. x2
The naga ritualist begins to pray, but is stunned by your conviction!
The mana viper bites you but does no damage.
You block the naga's attack.
The guardian serpent coils itself and waves its upper body at you.
The mana viper blinks!
A naga comes into view.
It is wielding a +1 short sword of electrocution.
The salamander hits you from afar with a +1 halberd!!
* * * LOW HITPOINT WARNING * * *
You are engulfed in flames!
* * * LOW HITPOINT WARNING * * *
The naga barely misses you. The naga constricts you.
The black mamba bites you but does no damage. x2
You feel much better. You block the mana viper's attack.
The mana viper bites you!
* * * LOW HITPOINT WARNING * * *
You feel your power leaking away.
The black mamba bites you but does no damage.
You block the black mamba's attack. The guardian serpent hits you.
* * * LOW HITPOINT WARNING * * *
The naga spits poison at you.
The splash of poison hits you but does no damage.
You resist. The naga loses its grip on you.
The salamander hits you but does no damage.
The mana viper closely misses you.
The naga is stunned by your conviction and fails to attack.
You redirect the mana viper's attack!
The mana viper barely misses the naga.
As you read the scroll of fear, it crumbles to dust.
You assume a fearsome visage.
The naga easily resists.
The naga ritualist resists with some effort.
The salamander looks frightened!
The guardian serpent looks frightened!
The salamander looks frightened!
The mana viper easily resists.
The naga looks frightened!
The black mamba bites you.
* * * LOW HITPOINT WARNING * * *
The black mamba bites you!
* * * LOW HITPOINT WARNING * * *
The guardian serpent begins to cast a spell, but is stunned by your conviction!
The naga hits you with a +3 heavy dire flail!
You die...

.?.# ...# ...#
...#### ..
##...<.N.
..######........
$......SSNN..#
.......N@SN.#
#.....SSNN##
##........#
###.$....#
.###......N##
.......$....## ...
.../........(##
....
.^............####
....#
..................
.)...


You could see a naga warrior (fleeing), 2 salamanders, a naga ritualist
(strong), 2 mana vipers, a guardian serpent (fleeing), 2 black mambas and 4
nagas.

Vanquished Creatures
  Vashnia (Snake:3)
  Saint Roka (Orc:2)
  Kirke (D:12)
  Gastronok (D:9)
  A nagaraja (Snake:2)
  Aizul (Snake:2)
  An ironbound preserver (D:13)
  Azrael (D:15)
  A dire elephant (D:15)
  A deep elf high priest (D:12)
  Fannar (D:10)
  Erolcha (D:10)
  4 centaur warriors
  6 hydras
  2 catoblepae
  A vault guard (D:15)
  11 anacondas
  2 boulder beetles (D:13)
  8 death yaks
  3 two-headed ogres
  5 naga warriors
  An orc high priest (Orc:1)
  A tengu warrior (D:13)
  Sonja (D:10)
  Nergalle (D:12)
  10 naga sharpshooters
  A sun demon (D:13)
  4 shock serpents
  Amaemon (Lair:2)
  A skyshark (Lair:5)
  A fire crab (shapeshifter) (D:13)
  2 salamander mystics
  3 spectral anacondas (Snake:1)
  4 anaconda zombies (Snake:1)
  4 anaconda skeletons (Snake:1)
  4 naga ritualists
  8 mana vipers
  5 orc knights
  2 lindwurms (Lair:5)
  4 deep elf pyromancers
  7 ugly things
  4 orc sorcerers
  9 elephants
  10 salamanders
  3 manticores
  2 cyclopes
  Maurice (D:8)
  5 guardian serpents
  30 black mambas
  9 naga magi
  4 ice statues
  Maggie (D:8)
  A gargoyle (D:12)
  4 torpor snails
  23 cane toads
  An orange demon (Lair:2)
  3 freezing wraiths
  2 unseen horrors
  An ice devil (D:13)
  8 komodo dragons
  6 rime drakes
  An efreet (D:14)
  Psyche (D:11)
  3 tengu conjurers
  8 anaconda simulacra
  8 trolls
  3 meliai (D:14)
  14 polar bears
  2 raiju (Lair:5)
  16 blink frogs
  A hornet (D:9)
  A dream sheep (Lair:5)
  18 slime creatures
  A water elemental (D:14)
  Sigmund (D:4)
  3 wyverns
  3 wraiths
  72 yaks
  A hog (shapeshifter) (D:13)
  A hog (D:12)
  2 steam dragons
  4 basilisks
  4 fire elementals (D:15)
  Eustachio (D:5)
  4 vampire mosquitoes
  4 swamp worms (Lair:2)
  29 nagas
  11 water moccasins
  9 wargs
  A hydra simulacrum (IceCv)
  17 hell hounds
  2 acid dragons
  5 ice beasts
  A sky beast (D:7)
  43 orc warriors
  13 black bears
  21 wolves
  5 ogres
  9 centaurs
  A phantom (D:6)
  Blork the orc (Orc:2)
  9 bullfrogs
  2 scorpions
  A cane toad simulacrum (IceCv)
  9 wights
  4 electric eels (Snake:1)
  A howler monkey (D:12)
  4 crimson imps (D:13)
  3 lava snakes
  7 jellies
  5 hounds
  21 orc priests
  9 iguanas
  2 gnoll boudas
  23 orc wizards
  A scorpion zombie (D:3)
  8 hell rats
  A statue (D:5)
  A polar bear simulacrum (IceCv)
  4 wolf simulacra (IceCv)
  3 adders (D:3)
  8 gnolls
  4 white imps (D:13)
  2 worms
  4 dart slugs
  77 orcs
  8 ball pythons
  4 bats
  8 endoplasms
  3 giant cockroaches
  6 goblins
  7 hobgoblins
  6 jackals (D:4)
  5 quokkas
  5 frilled lizards
  A giant cockroach zombie (D:3)
  4 kobolds
  6 rats
867 creatures vanquished.

Vanquished Creatures (collateral kills)
  A dire elephant (Lair:5)
  Snorg (D:12)
  A death yak (Lair:5)
  A lindwurm (Lair:5)
  A manticore (Lair:5)
  A rime drake (Lair:5)
  A dream sheep (Lair:5)
7 creatures vanquished.

Vanquished Creatures (others)
  A hydra (Lair:5)
  A catoblepas (Lair:5)
  A naga warrior (Snake:3)
  A spectral anaconda (Snake:1)
  A deep elf pyromancer (D:12)
  An orc knight (Orc:2)
  A mana viper (Snake:1)
  A black mamba (Snake:4)
  2 yaks (Lair:5)
  3 humans (D:12)
  An orc warrior (Orc:1)
  2 orcs
  28 fungi
  57 plants
  6 toadstools (D:15)
107 creatures vanquished.

Grand Total: 981 creatures vanquished

Notes
Turn   | Place    | Note
-------+----------+-------------------------------------------
     0 | D:1      | cforsyth the Formicid Fighter began the quest for the Orb.
     0 | D:1      | Reached XP level 1. HP: 18/18 MP: 1/1
    69 | D:1      | Reached XP level 2. HP: 24/24 MP: 2/2
   258 | D:1      | Reached XP level 3. HP: 30/30 MP: 3/3
   878 | D:2      | Found Kenaar's Antique Armour Emporium.
  1162 | D:2      | Reached XP level 4. HP: 37/37 MP: 4/4
  1413 | D:3      | Reached skill level 4 in Fighting
  1413 | D:3      | Found a basalt altar of Yredelemnul.
  1523 | D:3      | Found a shimmering altar of Xom.
  1540 | D:3      | Reached XP level 5. HP: 42/42 MP: 5/5
  1548 | D:3      | Found a shimmering blue altar of Sif Muna.
  2195 | D:4      | Reached XP level 6. HP: 45/49 MP: 6/6
  2352 | D:4      | Noticed Sigmund
  2362 | D:4      | Killed Sigmund
  2363 | D:4      | Reached skill level 5 in Fighting
  2363 | D:4      | Reached skill level 5 in Maces & Flails
  2391 | D:4      | Noticed a black bear
  2396 | D:4      | Killed a black bear
  2397 | D:4      | Reached XP level 7. HP: 56/56 MP: 7/7
  2888 | D:5      | Entered Level 5 of the Dungeon
  2902 | D:5      | Noticed Eustachio
  2921 | D:5      | Killed Eustachio
  2922 | D:5      | Reached skill level 6 in Fighting
  2922 | D:5      | Reached XP level 8. HP: 62/64 MP: 8/8
  3130 | D:5      | Found a radiant altar of Vehumet.
  3434 | D:5      | Found a staircase to the Ecumenical Temple.
  4108 | D:6      | Reached skill level 7 in Fighting
  4393 | D:6      | Reached XP level 9. HP: 41/72 MP: 9/9
  4560 | D:6      | Found an ancient bone altar of Kikubaaqudgha.
  5276 | D:7      | Reached skill level 8 in Fighting
  5289 | D:7      | Found a flagged portal.
  5345 | Bailey   | Entered a bailey
  5679 | Bailey   | Reached skill level 10 in Maces & Flails
  6185 | Bailey   | Noticed an orc knight
  6363 | Bailey   | Killed an orc knight
  6364 | Bailey   | Reached skill level 9 in Fighting
  6364 | Bailey   | Reached XP level 10. HP: 54/83 MP: 10/10
  7065 | D:8      | Found a sacrificial altar of Ru.
  7190 | D:8      | Noticed Maggie
  7200 | D:8      | Killed Maggie
  7556 | D:8      | Reached skill level 10 in Fighting
  7914 | D:8      | Noticed Maurice
  8021 | D:8      | Killed Maurice
  8167 | D:8      | Reached XP level 11. HP: 92/92 MP: 11/11
  8469 | D:9      | Noticed a two-headed ogre
  8830 | D:9      | Noticed Gastronok
  9565 | D:8      | Reached skill level 11 in Fighting
  9785 | D:9      | Killed a two-headed ogre
  9808 | D:9      | Killed Gastronok
 10161 | D:9      | Found a white marble altar of Elyvilon.
 10161 | D:9      | Found a stormy altar of Qazlal.
 10255 | D:10     | Entered Level 10 of the Dungeon
 10325 | D:10     | Noticed Fannar
 10351 | D:10     | Killed Fannar
 10352 | D:10     | Reached skill level 12 in Fighting
 10640 | D:10     | Noticed Sonja
 10643 | D:10     | You fall into a shaft and drop 2 floors!
 10842 | D:12     | Acquired the +9 plate armour of the Eight Boll Weevils
                  | {Dex+3}
 10866 | D:12     | Noticed a deep elf pyromancer
 10879 | D:12     | Killed a deep elf pyromancer
 10953 | D:12     | Reached XP level 12. HP: 102/102 MP: 12/12
 10954 | D:12     | Reached skill level 15 in Maces & Flails
 10954 | D:12     | Reached XP level 13. HP: 108/108 MP: 13/13
 11155 | Temple   | Entered the Ecumenical Temple
 11262 | D:8      | Became a worshipper of Ru the Awakened
 11419 | D:10     | Noticed Erolcha
 11424 | D:10     | Killed Erolcha
 11425 | D:10     | Reached skill level 13 in Fighting
 11599 | D:10     | Reached XP level 14. HP: 114/118 MP: 14/14
 11641 | D:10     | Killed Sonja
 11718 | D:10     | Found a hide-covered altar of Uskayaw.
 11936 | D:11     | Noticed Psyche
 11946 | D:11     | Killed Psyche
 11980 | D:11     | Found a staircase to the Lair.
 12264 | D:11     | Gained mutation: You cannot study or cast Ice magic. [Ru
                  | sacrifice]
 12264 | D:11     | Gained mutation: You cannot study or cast Hexes magic. [Ru
                  | sacrifice]
 12264 | D:11     | Gained mutation: You cannot study or cast Translocations
                  | magic. [Ru sacrifice]
 12264 | D:11     | Reached * piety under Ru
 12464 | D:11     | Found a transporter.
 12474 | D:11     | Found a transporter.
 12582 | D:11     | Found Zin's Purification Station.
 12587 | D:11     | Found a glowing silver altar of Zin.
 12792 | D:12     | Reached skill level 14 in Fighting
 12841 | D:12     | Found a staircase to the Orcish Mines.
 12917 | D:12     | Noticed Nergalle
 12928 | D:12     | Killed Nergalle
 12933 | D:12     | Noticed Kirke
 12950 | D:12     | Killed Kirke
 13206 | D:12     | Found Tomuekle's General Store.
 13443 | D:12     | Noticed Snorg
 13543 | Lair:1   | Entered Level 1 of the Lair of Beasts
 13546 | Lair:1   | Found a frozen archway.
 13557 | IceCv    | Entered an ice cave
 13631 | IceCv    | Reached skill level 15 in Fighting
 13938 | IceCv    | Found the +2 pair of slick slippers {slick, slippery, EV+4}
 14151 | Lair:1   | Found an iron altar of Okawaru.
 14186 | Lair:1   | Reached skill level 16 in Fighting
 14644 | Lair:2   | Found a staircase to the Snake Pit.
 14875 | Lair:2   | Noticed Amaemon
 14891 | Lair:2   | Killed Amaemon
 14892 | Lair:2   | Reached skill level 17 in Fighting
 15041 | Lair:2   | Found a staircase to the Swamp.
 15065 | Lair:2   | Reached XP level 15. HP: 49/134 MP: 15/15
 15512 | Lair:1   | Reached skill level 18 in Fighting
 16647 | Lair:4   | Reached skill level 19 in Fighting
 16765 | Lair:4   | Gained mutation: You cannot be stealthy. [Ru sacrifice]
 16765 | Lair:4   | Reached ** piety under Ru
 17114 | Lair:5   | Entered Level 5 of the Lair of Beasts
 17657 | Lair:5   | Reached skill level 10 in Shields
 17990 | Lair:5   | Reached XP level 16. HP: 148/148 MP: 16/16
 18278 | Lair:5   | Reached skill level 10 in Armour
 18371 | Lair:5   | Found a staircase to the Slime Pits.
 19082 | D:12     | Killed Snorg
 19312 | D:12     | Gained mutation: You are hated by all. [Ru sacrifice]
 19312 | D:12     | Reached *** piety under Ru
 19315 | D:12     | Identified the +5 morningstar of the Cursing Ancients
                  | {heavy, *Corrode +Blink Dex+5 Stlth+}
 19526 | Orc:1    | Entered Level 1 of the Orcish Mines
 19526 | Orc:1    | Found Meirax's Mayhem Merchandise.
 19966 | Orc:1    | Found a bloodstained altar of Trog.
 20028 | Orc:2    | Entered Level 2 of the Orcish Mines
 20128 | Orc:2    | Found a staircase to the Elven Halls.
 20175 | Orc:2    | Noticed Blork the orc
 20186 | Orc:2    | Killed Blork the orc
 20481 | Orc:2    | Noticed Saint Roka
 20545 | Orc:2    | Killed Saint Roka
 20861 | Orc:2    | Found Gyoxigg Exku's General Store.
 20890 | Orc:2    | Found Puufehiu's Antique Weapon Emporium.
 21011 | Orc:2    | Found Neanet Gabux's Antique Armour Emporium.
 21284 | Orc:2    | Found Otrec's Jewellery Emporium.
 21400 | Orc:2    | Bought a pair of embroidered boots for 157 gold pieces
 21521 | D:13     | Reached XP level 17. HP: 93/155 MP: 17/17
 21645 | D:13     | Reached skill level 15 in Shields
 21852 | D:13     | Found Lulin's General Store.
 21977 | D:13     | Found a gate to the Vaults.
 22498 | D:14     | Identified the +0 plate armour of Panentheism {Rampage
                  | *Corrode rPois}
 23355 | D:15     | Entered Level 15 of the Dungeon
 23550 | D:15     | Noticed Azrael
 23568 | D:15     | Killed Azrael
 23816 | D:15     | Found a portal to a secret trove of treasure.
 23930 | D:15     | Found a staircase to the Depths.
 24172 | Snake:1  | Entered Level 1 of the Snake Pit
 24719 | Snake:1  | Reached skill level 15 in Armour
 24979 | Snake:1  | Reached XP level 18. HP: 160/162 MP: 18/18
 25043 | Snake:1  | Reached skill level 20 in Fighting
 25774 | Snake:2  | Noticed Aizul
 25790 | Snake:2  | Killed Aizul
 26462 | Snake:3  | Noticed Vashnia
 26598 | Snake:3  | Killed Vashnia
 27112 | Snake:4  | Entered Level 4 of the Snake Pit
 27669 | Snake:4  | Mangled by a naga

Illustrated notes

Levels and vault maps discovered:
D:1:      lemuel_arrival_broad_hall, layout_basic, feat_on_display
D:2:      layout_basic, serial_shops, nicolae_shop_trees
D:3:      layout_basic, lemuel_zombie_altar_yredelemnul,
          mainiacjoe_overflow_large_starburst, minmay_puff
D:4:      layout_loops_ring, uniq_sigmund
D:5:      layout_basic, vehumet_statue, minmay_temple_entry_from_below_b,
          uniq_eustachio
D:6:      layout_basic, mainiacjoe_overflow_24_doors, hellmonk_bongcloud_opening
D:7:      layout_cave_pools, enter_bailey_8
D:8:      layout_loops_corners, nicolae_ru_sacrificial_ziggurat, uniq_maurice,
          uniq_maggie
D:9:      layout_cave_pools, gammafunk_temple_overflow_pools, uniq_gastronok
D:10:     layout_stronghold, general_overflow_altar, grunt_decor_junction,
          minmay_misc_feat_ornament, kennysheep_generic_room_13, uniq_fannar,
          uniq_erolcha, uniq_sonja
D:11:     gammafunk_boulding_lane, layout_stronghold, hellmonk_lair_entry_icy,
          zin_purify, uniq_psyche
D:12:     lemuel_flame_loot_2, layout_loops_ring, david_orc_1_choice,
          serial_shops, nicolae_square_shop, kennysheep_just_a_vault,
          uniq_snorg, uniq_nergalle, uniq_kirke
D:13:     layout_basic, skrybe_vaults_entry_preservation, serial_shops,
          nicolae_shop_hallway_stairs, minmay_fire_ice_demons
D:14:     layout_cave_pods, serial_bayou_ford_a, eino_tiny_chamber
D:15:     hangedman_depths_entry_try_elsewhere_first, layout_basic,
          minmay_misc_feat_plants, enter_trove_5, minivault_16,
          minmay_gold_behind_fungi, nrook_guardian_serpent_ordinary, uniq_azrael
Temple:   cyrus_circular_temple
Lair:1:   layout_long_grid, portal_ice_cave_entry_pillars_2, basic_altar
Lair:2:   layout_loops_ring, palyth_hydra_swamp_entry,
          guppyfry_snake_entry_island, grunt_megastairs_5, uniq_amaemon
Lair:3:   layout_concentric_octagons, beast_lair_carwin_8
Lair:4:   layout_cave_shapes, serial_bayou_shore_b, lemuel_fruit_fields
Lair:5:   hangedman_lair_in_review, layout_hall_layers,
          hangedman_lair_caniforms_friends, nicolae_slime_entry_field_trip
Snake:1:  layout_misc_corridors, nicolae_snake_dead_anacondas,
          serial_bayou_shore_a
Snake:2:  layout_misc_corridors, grunt_megastairs_3, uniq_aizul
Snake:3:  layout_cave_town, eino_curves_03, uniq_vashnia
Snake:4:  minmay_snake_end_coiled, layout_cave_town
Orc:1:    layout_caves, minmay_shop_mayhem, david_defended_altar_orc
Orc:2:    grunt_orc_cross, layout_diamond_mine, basic_altar

Skill      XL: |  1  2  3  4  5  6  7  8  9 10 11 12 13 14 15 16 17 18 |
---------------+-------------------------------------------------------+-----
Maces & Flails | 3 4 6 7 9 11 12 14 15 16 | 16.7
Fighting       | 4 5 6 7 9 10 12 13 17 19 20 | 20.6
Armour         | 6 8 9 12 15 16 | 16.0
Shields        | 7 9 11 14 17 18 | 18.8

Action                     |  1- 3 |  4- 6 |  7- 9 | 10-12 | 13-15 | 16-18 || total
---------------------------+-------+-------+-------+-------+-------+-------++-------
  Melee: Flail             |   108 |   113 |   280 |   122 |       |       ||   623
         Mace              |       |       |       |   181 |       |       ||   181
         Morningstar       |       |       |       |     8 |  1006 |  1718 ||  2732
 Invoke: Reject Sacrifices |       |       |       |       |     1 |     2 ||     3
         Sacrifice Arcana  |       |       |       |       |     1 |       ||     1
         Sacrifice Stealth |       |       |       |       |     1 |       ||     1
         Draw Out Power    |       |       |       |       |       |     2 ||     2
         Sacrifice Love    |       |       |       |       |       |     1 ||     1
Ability: Shaft Self        |       |       |       |     1 |       |       ||     1
         Dig               |       |       |       |       |     1 |       ||     1
  Evoke: Wand              |       |       |    13 |     9 |       |     8 ||    30
    Use: Scroll            |       |       |    13 |     4 |     9 |     7 ||    33
         Potion            |       |       |     1 |     4 |     2 |     4 ||    11
   Stab: Distracted        |       |       |       |       |     2 |     6 ||     8
         Invisible         |       |       |       |       |     1 |    11 ||    12
 Armour: Scale mail        |    22 |       |       |       |       |       ||    22
         Chain mail        |    43 |    62 |    36 |       |       |       ||   141
         Plate armour      |       |       |    52 |   103 |   699 |   932 ||  1786
  Dodge: Dodged            |    33 |    44 |   170 |   116 |   358 |   374 ||  1095
  Block: Buckler           |    25 |    22 |    45 |    47 |   287 |       ||   426
         Kite shield       |       |       |       |       |   116 |  1123 ||  1239

Table legend: (Time is in decaauts)
 A = Elapsed time spent in this place.
 B = Non-inter-level travel time spent in this place.
 C = Inter-level travel time spent in this place.
 D = Time resting spent in this place.
 E = Time spent auto-exploring this place.
 F = Levels seen in this place.
 G = Mean time per level.
                   A        B        C        D        E       F      G
               +--------+--------+--------+--------+--------+-----+--------+
         Total |  27040 |  25592 |   1448 |   3330 |  15592 |  29 |  932.4 |
       Dungeon |  15402 |  14303 |   1099 |   1288 |   9887 |  15 | 1026.8 |
        Temple |     63 |     54 |      9 |      0 |     30 |   1 |   63.0 |
          Lair |   4845 |   4627 |    218 |    389 |   2823 |   5 |  969.0 |
     Snake Pit |   3317 |   3269 |     48 |    534 |   1721 |   4 |  829.2 |
  Orcish Mines |   1856 |   1784 |     72 |    365 |    938 |   2 |  928.0 |
        Bailey |   1133 |   1133 |      0 |    654 |    124 |   1 | 1133.0 |
      Ice Cave |    421 |    421 |      0 |    100 |     69 |   1 |  421.0 |
               +--------+--------+--------+--------+--------+-----+--------+

Top non-repeatable levels by time:
     D:8: 2291 daAuts
    D:12: 1589 daAuts
  Lair:5: 1435 daAuts
     D:5: 1242 daAuts
  Bailey: 1133 daAuts
     D:6: 1111 daAuts
 Snake:3: 1094 daAuts
 Snake:1: 1054 daAuts
    D:10: 1035 daAuts
    D:11: 1018 daAuts
    D:14: 955 daAuts
   Orc:2: 955 daAuts
   Orc:1: 901 daAuts
  Lair:2: 890 daAuts
  Lair:1: 880 daAuts
